 Dungeon Crawl Stone Soup version 0.26-a0-154-g3d63440f56 (webtiles) character file.

Game seed: 644663474435246781

308 Flugslaktarn the Firebug (level 6, -2/44 HPs)
             Began as a Gnoll Fire Elementalist on July 1, 2020.
             Shot with an arrow by a centaur (17 damage)
             ... on level 5 of the Dungeon.
             The game lasted 00:04:00 (722 turns).

Flugslaktarn the Firebug (Gnoll Fire Elementalist)   Turns: 722, Time: 00:04:01

Health: -2/44      AC:  3    Str: 10    XL:     6   Next: 40%
Magic:  3/14       EV: 15    Int: 26    God:
Gold:   146        SH:  0    Dex: 15    Spells: 11/15 levels left

rFire    . . .     SeeInvis .   h - +1 spear (venom)
rCold    . . .     Faith    .   (no shield)
rNeg     . . .     Spirit   .   a - +0 robe
rPois    .         Reflect  .   (no helmet)
rElec    .         Harm     .   (no cloak)
rCorr    .                      (no gloves)
MR       .....                  g - +0 pair of boots
Stlth    +++.......             (no amulet)
HPRegen  0.14/turn              i - +6 ring of intelligence
MPRegen  0.14/turn              (no ring)

@: berserk cooldown, slowed, very slow
A: distributed training, fangs 1, strong nose
a: no special abilities


You were on level 5 of the Dungeon.
You were not hungry.

You visited 1 branch of the dungeon, and saw 5 of its levels.

You collected 146 gold pieces.

Inventory:

Hand Weapons
 d - a +0 dagger
   (You took it off a goblin on level 1 of the Dungeon)
 h - a +1 spear of venom (weapon)
   (You found it on level 4 of the Dungeon)
Missiles
 m - 18 arrows
 n - 2 throwing nets (quivered)
Armour
 a - a +0 robe (worn)
 g - a +0 pair of boots (worn)
   (You found it on level 4 of the Dungeon)
Jewellery
 i - a +6 ring of intelligence (left hand)
   (You found it on level 2 of the Dungeon)
Wands
 f - a wand of polymorph (12)
   (You found it on level 3 of the Dungeon)
Scrolls
 b - 2 scrolls of remove curse {unknown}
 e - 3 scrolls of amnesia {unknown}
 k - a scroll of random uselessness {unknown}
 l - 2 scrolls of identify {unknown}
 o - a scroll of enchant weapon {unknown}
Comestibles
 c - 5 rations


   Skills:
 + Level 1.9 Fighting
 + Level 1.9 Short Blades
 + Level 1.9 Long Blades
 + Level 1.9 Axes
 + Level 1.9 Maces & Flails
 + Level 1.9 Polearms
 + Level 1.9 Staves
 + Level 1.9 Slings
 + Level 1.9 Bows
 + Level 1.9 Crossbows
 + Level 1.9 Throwing
 + Level 1.9 Armour
 + Level 5.0 Dodging
 + Level 4.6 Stealth
 + Level 1.9 Shields
 + Level 1.9 Unarmed Combat
 + Level 5.3 Spellcasting
 + Level 2.6 Conjurations
 + Level 1.5 Hexes
 + Level 1.5 Charms
 + Level 1.5 Summonings
 + Level 1.5 Necromancy
 + Level 1.5 Translocations
 + Level 1.5 Transmutations
 + Level 5.6 Fire Magic
 + Level 1.5 Ice Magic
 + Level 1.5 Air Magic
 + Level 1.5 Earth Magic
 + Level 1.5 Poison Magic
 + Level 2.1 Invocations
 + Level 1.9 Evocations


You had 11 spell levels left.
You knew the following spells:

 Your Spells              Type           Power        Failure   Level  Hunger
a - Foxfire               Conj/Fire      ####         1%          1    None
b - Inner Flame           Hex/Fire       ####....     4%          3    #......

Your spell library contained the following spells:

 Spells                   Type           Power        Failure   Level  Hunger
 Conjure Flame            Conj/Fire      ####....     4%          3    #......
 Sticky Flame             Conj/Fire      ####....     14%         4    ###....
 Fireball                 Conj/Fire      ####......   36%         5    #####..


Dungeon Overview and Level Annotations

Branches:
Dungeon (5/15)
 Temple: D:4-7

Altars:
Kikubaaqudgha
Wu Jian

Annotations:
D:3 , 1 runed translucent door


Innate Abilities, Weirdness & Mutations

Your experience applies equally to all skills.
You have very sharp teeth.
Your uncanny sense of smell can sniff out nearby items.


Message History

Found 9 arrows.
You now have 146 gold pieces (gained 6).
You feel sick.
You are no longer poisoned.
Unknown command.
Found a sedimented yellow potion.
An iguana comes into view.
A sky beast comes into view.
A centaur comes into view.
Found 20 arrows.
You see here 9 arrows.
Casting: Foxfire (safe; 1% risk of failure)
Confirm with . or Enter, or press ? or * to list all spells.
You conjure some foxfire!
The iguana hisses angrily.
The centaur shouts!
The centaur wields a +0 shortbow.
The centaur shoots an arrow.
The arrow hits you!
* * * LOW HITPOINT WARNING * * *
You hear a shout!
The foxfire hits the sky beast!
The sky beast is moderately wounded.
The foxfire hits the sky beast.
The sky beast is heavily wounded.
Unknown command.
The centaur shoots an arrow.
The arrow hits you.
* * * LOW HITPOINT WARNING * * *
You see here an arrow.
Okay, then.
It was a potion of berserk rage.
A red film seems to cover your vision as you go berserk!
You feel yourself moving faster!
You feel mighty!
A crimson imp comes into view.
The sky beast flickers out of sight!
Deactivating autopickup; reactivate with Ctrl-A.
Unknown command.
You feel a strong urge to attack something.
Unknown command.
You feel your anger nearly subside.
You are no longer berserk.
You are exhausted.
You feel yourself slow down.
The centaur shoots an arrow.
The centaur shoots an arrow.
Reactivating autopickup.
Your Dodging skill increases to level 5!
You feel a bit more experienced.
You see here a trident.
The centaur shoots an arrow.
The arrow barely misses you.
The centaur shoots an arrow.
The arrow hits you!
You die...

#...# ###........# ##
#...###.........!#### #.#
#...##...... ......####
#.##...##.....####.........
#.#...##...#..##(c........
###..........#...........5..
#<..#..>........(l..(.......
#...........#...............
#.#......<..@)#.............
#..#....)).........##......(
....#.............##∆#......
#...##.))..........# #.....
##................... ....#
....)................ .#.##
##........##........
#.........##........
#...#...... ...


You could see a centaur and an iguana.

Vanquished Creatures
  2 scorpions
  An orc wizard (D:5)
  A bullfrog skeleton (D:5)
  3 gnolls (D:5)
  5 adders
  A worm (D:2)
  3 leopard geckos
  4 orcs
  3 giant cockroaches
  3 goblins
  4 hobgoblins (D:2)
  A jackal (D:5)
  A quokka (D:2)
  4 bats
  2 frilled lizards (D:2)
  A kobold (D:3)
  A rat (D:2)
40 creatures vanquished.

Vanquished Creatures (others)
  A sky beast (D:5)
  104 foxfires
105 creatures vanquished.

Grand Total: 145 creatures vanquished

Notes
Turn   | Place    | Note
-------+----------+-------------------------------------------
     0 | D:1      | Flugslaktarn the Gnoll Fire Elementalist began the quest
                  | for the Orb.
     0 | D:1      | Reached XP level 1. HP: 13/13 MP: 6/6
   127 | D:2      | Reached XP level 2. HP: 20/20 MP: 2/7
   151 | D:2      | Reached skill level 5 in Spellcasting
   151 | D:2      | Reached XP level 3. HP: 14/25 MP: 0/9
   205 | D:3      | Found an ancient bone altar of Kikubaaqudgha.
   212 | D:3      | Noticed a scorpion
   214 | D:3      | Found a transporter.
   221 | D:3      | Found a transporter.
   255 | D:3      | Learned a level 3 spell: Inner Flame
   296 | D:3      | Found a runed translucent door.
   346 | D:2      | Reached skill level 1 in Invocations
   480 | D:3      | HP: 1/25 [scorpion (5)]
   481 | D:3      | Killed a scorpion
   481 | D:3      | Reached skill level 1 in Fighting
   481 | D:3      | Reached skill level 1 in Short Blades
   481 | D:3      | Reached skill level 1 in Long Blades
   481 | D:3      | Reached skill level 1 in Axes
   481 | D:3      | Reached skill level 1 in Maces & Flails
   481 | D:3      | Reached skill level 1 in Polearms
   481 | D:3      | Reached skill level 1 in Staves
   481 | D:3      | Reached skill level 1 in Slings
   481 | D:3      | Reached skill level 1 in Bows
   481 | D:3      | Reached skill level 1 in Crossbows
   481 | D:3      | Reached skill level 1 in Throwing
   481 | D:3      | Reached skill level 1 in Armour
   481 | D:3      | Reached skill level 1 in Shields
   481 | D:3      | Reached skill level 1 in Unarmed Combat
   481 | D:3      | Reached skill level 1 in Hexes
   481 | D:3      | Reached skill level 1 in Charms
   481 | D:3      | Reached skill level 1 in Summonings
   481 | D:3      | Reached skill level 1 in Necromancy
   481 | D:3      | Reached skill level 1 in Translocations
   481 | D:3      | Reached skill level 1 in Transmutations
   481 | D:3      | Reached skill level 1 in Ice Magic
   481 | D:3      | Reached skill level 1 in Air Magic
   481 | D:3      | Reached skill level 1 in Earth Magic
   481 | D:3      | Reached skill level 1 in Poison Magic
   481 | D:3      | Reached skill level 1 in Evocations
   481 | D:3      | Reached XP level 4. HP: 10/32 MP: 1/11
   609 | D:4      | Reached XP level 5. HP: 26/37 MP: 7/12
   649 | D:4      | Found an ornate altar of the Wu Jian Council.
   655 | D:5      | Entered Level 5 of the Dungeon
   683 | D:5      | Reached XP level 6. HP: 40/44 MP: 1/13
   710 | D:5      | Noticed a sky beast
   721 | D:5      | Killed a sky beast
   721 | D:5      | Reached skill level 5 in Dodging
   722 | D:5      | Shot with an arrow by a centaur

Illustrated notes

Levels and vault maps discovered:
D:1:      saegor_arrival_simple_d, layout_basic, nicolae_ashenzari_panopticon
D:2:      layout_loops_ring, lightli_temple_of_fire,
          nicolae_overflow_crystal_walls, first_ration,
          hangedman_abyss_or_decor_lesser_grid, minmay_pentomino_q2
D:3:      layout_loops_ring, gammafunk_temple_overflow_arena,
          ebering_ghost_sewer_d
D:4:      layout_gridville, lemuel_crystal_altar
D:5:      layout_layer_cave

Skill      XL: |  1  2  3  4  5  6 |
---------------+-------------------+-----
Conjurations   | 2 |  2.6
Spellcasting   | 5 |  5.3
Invocations    | 1 2 |  2.1
Fighting       | 1 |  1.9
Short Blades   | 1 |  1.9
Long Blades    | 1 |  1.9
Axes           | 1 |  1.9
Maces & Flails | 1 |  1.9
Polearms       | 1 |  1.9
Staves         | 1 |  1.9
Slings         | 1 |  1.9
Bows           | 1 |  1.9
Crossbows      | 1 |  1.9
Throwing       | 1 |  1.9
Armour         | 1 |  1.9
Shields        | 1 |  1.9
Unarmed Combat | 1 |  1.9
Hexes          | 1 |  1.5
Charms         | 1 |  1.5
Summonings     | 1 |  1.5
Necromancy     | 1 |  1.5
Translocations | 1 |  1.5
Transmutations | 1 |  1.5
Ice Magic      | 1 |  1.5
Air Magic      | 1 |  1.5
Earth Magic    | 1 |  1.5
Poison Magic   | 1 |  1.5
Evocations     | 1 |  1.9
Dodging        | 5 |  5.0
Stealth        | |  4.6
Fire Magic     | |  5.6

Action                   |  1- 3 |  4- 6 || total
-------------------------+-------+-------++-------
Melee: Dagger            |    10 |       ||    10
       Spear             |    15 |    11 ||    26
       Bite              |     3 |       ||     3
 Cast: Foxfire           |    37 |    25 ||    62
  Use: Potion            |     1 |     1 ||     2
 Stab: Sleeping          |     1 |       ||     1
Armor: Robe              |    11 |     3 ||    14
Dodge: Dodged            |    50 |    10 ||    60

Table legend:
 A = Non-vault XP
 B = Vault XP
 C = Vault XP percentage of total XP
 D = Non-vault monster count
 E = Vault monster count
 F = Vault count percentage of total count
                 A         B        C        D         E       F
            +---------+---------+-------+---------+---------+-------
      Total |     367 |      74 |  16.8 |      36 |       5 |  12.2
            +---------+---------+-------+---------+---------+-------
        D:1 |       5 |       0 |   0.0 |       3 |       0 |   0.0
        D:2 |      53 |       0 |   0.0 |      15 |       0 |   0.0
        D:3 |       8 |      74 |  90.2 |       4 |       5 |  55.6
        D:4 |      97 |       0 |   0.0 |       4 |       0 |   0.0
        D:5 |     204 |       0 |   0.0 |      10 |       0 |   0.0
            +---------+---------+-------+---------+---------+-------
